AoeStats
← NuMa | JuanMan

Arabia

508967808Analyzed
3v3 RM · 8d ago on Sep 24, 2026· 29m 36s· 6 players
Game mode
Random Map
Map size
Normal (6 player)
Population
200
Speed
Normal
Resources
Standard
Victory
Conquest
Starting age
Dark Age
Ending age
Imperial Age
RankedLock teamsTeams togetherTeam positionsShared explorationLock speedFull tech treeHidden civsTurbo modeCheats
Victory
Defeat
🇨🇴 Franks · Colombia
1320
+13
🇨🇴 Danes · Colombia
1245
+16
🇨🇴 Romans · Colombia
1231
+16
🇨🇴 Tupi · Colombia
1286
-17
🇦🇷 Maya · Argentina
1245
-15
🇦🇷 Magyars · Argentina
1192
-13
JAGR fran
7:12 Loom
9:18 Feudal Age
10:14 Double-Bit Axe
17:41 Scale Barding Armor
24:07 Castle Age
24:21 Bloodlines
25:18 Chain Barding Armor
25:01 Husbandry
29:38 Bow Saw
JAGR | GastonWick
0:26 Loom
9:34 Feudal Age
10:16 Double-Bit Axe
13:29 Horse Collar
15:30 Fletching
15:40 Padded Archer Armor
16:19 Padded Archer Armor
18:58 Scale Mail Armor
25:50 Castle Age
25:24 Gold Mining
26:55 Bodkin Arrow
27:16 Leather Archer Armor
27:21 Crossbowman
JAGR | juankof
7:20 Loom
9:49 Feudal Age
17:56 Double-Bit Axe
18:27 Fletching
23:40 Castle Age
23:12 Wheelbarrow
22:20 Horse Collar
22:30 Gold Mining
24:20 Bodkin Arrow
23:48 Crossbowman
Camo
7:15 Loom
9:33 Feudal Age
10:03 Man-at-Arms
12:02 Town Watch
15:35 Fletching
15:46 Scale Mail Armor
16:00 Arson
18:44 Padded Archer Armor
22:50 Wheelbarrow
25:35 Castle Age
23:29 Horse Collar
23:38 Double-Bit Axe
24:09 Gold Mining
25:43 Elite Skirmisher
26:20 Bodkin Arrow
26:49 Chain Mail Armor
26:50 Leather Archer Armor
26:38 Squires
26:24 Gambesons
30:03 Forging
[COL] Sagros
7:18 Loom
9:33 Feudal Age
10:07 Double-Bit Axe
17:13 Forging
17:09 Scale Barding Armor
21:04 Castle Age
19:13 Gold Mining
21:28 Wheelbarrow
22:19 Chain Barding Armor
23:02 Husbandry
24:58 Iron Casting
NuMa | JuanMan
6:44 Loom
9:10 Feudal Age
9:16 Man-at-Arms
10:50 Scale Mail Armor
14:41 Double-Bit Axe
15:47 Padded Archer Armor
19:11 Horse Collar
21:53 Forging
24:53 Castle Age
23:23 Gold Mining
25:11 Town Watch
25:50 Chain Mail Armor
24:57 Long Swordsman
25:39 Squires
25:09 Elite Skirmisher
27:31 Iron Casting
Connection lost

Rejoining the realm…

Still unreachable

The connection could not be restored.

Session expired

The server has moved on; the page needs a fresh start.